Quebec Nordiques vs Chicago Black Hawks
Created - Saturday, September 14, 2024 at 08:48
Goals
|
| Quebec Nordiques |
1 |
1 |
0 |
2 |
| Chicago Black Hawks |
2 |
1 |
3 |
6 |
|
Shots
|
| Quebec Nordiques |
10 |
9 |
17 |
36 |
| Chicago Black Hawks |
9 |
17 |
16 |
42 |
|
1st period
1. Quebec Nordiques , Kirby Dach 2 (Marco Rossi 11, Barrett Hayton 4) at 14:50
2. Chicago Black Hawks , Sidney Crosby 10 (Chris Kreider 18) at 19:13
3. Chicago Black Hawks , Brayden Point 12 (Sidney Crosby 15) at 19:29 (PP)
Penalties :
Brent Burns (QUE) for Tripping (Minor) at 19:20
2nd period
4. Chicago Black Hawks , Filip Forsberg 14 (Chris Kreider 19, Bo Horvat 18) at 5:56 (PP)
5. Quebec Nordiques , Evander Kane 11 (Michael Anderson 5, Anthony Duclair 9) at 7:12
Penalties :
Evander Kane (QUE) for Holding (Minor) at 5:13, Trevor Zegras (QUE) for Tripping (Minor) at 13:09
3rd period
6. Chicago Black Hawks , Filip Forsberg 15 (Brandon Hagel 9, Kevin Fiala 7) at 2:07
7. Chicago Black Hawks , Kevin Fiala 6 (Lucas Raymond 5, Thatcher Demko) at 13:10
8. Chicago Black Hawks , Bo Horvat 13 (Brandon Hagel 10, Filip Forsberg 12) at 14:21
Penalties :
Kevin Fiala (CHI) for Hooking (Minor) at 6:36, Justin Holl (QUE) for Roughing (Minor) at 9:31
Goalie Stats
Lukas Dostal (QUE), 36 saves from 42 shots - (0.857), L, 3-8-2, 60:00 minutes
Thatcher Demko (CHI), 34 saves from 36 shots - (0.944), W, 17-4-0, 60:00 minutes
Players Stats for Quebec Nordiques
Player Name G A P +/- PIM S H SB GA TA FO MP PP MP PK MP
------------------------------------------------------------------------------------
Anthony Duclair 0 1 1 -1 0 5 2 0 2 0 0/2 17:11 1:09 0:00
Anthony Mantha 0 0 0 -2 0 2 0 1 0 1 0/0 16:30 0:50 0:00
Barrett Hayton 0 1 1 1 0 3 2 2 1 0 1/2 16:03 0:00 2:41
Brent Burns 0 0 0 0 2 1 1 1 0 1 0/0 25:05 1:08 2:16
Cole Perfetti 0 0 0 -2 0 4 1 0 1 0 0/0 15:40 0:00 0:00
Connor Brown 0 0 0 0 0 1 0 0 0 0 0/0 10:40 0:00 2:38
Evander Kane 1 0 1 -1 2 3 0 0 1 0 0/0 17:10 1:09 0:00
J.J. Moser 0 0 0 0 0 0 1 0 0 0 0/0 25:15 1:08 2:25
Jonas Siegenthaler 0 0 0 0 0 0 0 0 0 0 0/0 19:41 0:51 2:25
Jordan Greenway 0 0 0 0 0 2 4 0 1 0 0/0 10:07 0:00 2:00
Justin Holl 0 0 0 -2 2 1 0 0 0 0 0/0 15:21 0:00 0:09
Juuso Valimaki 0 0 0 -2 0 0 0 3 0 1 0/0 15:04 0:00 0:00
Kirby Dach 1 0 1 1 0 3 1 0 1 0 0/0 13:18 0:00 0:00
Marco Rossi 0 1 1 1 0 6 0 0 1 0 4/9 14:08 0:50 0:00
Michael Anderson 0 1 1 0 0 3 2 1 0 0 0/0 19:41 0:51 2:25
Ryan Poehling 0 0 0 0 0 1 0 0 1 0 6/8 9:58 0:00 2:00
Shane Pinto 0 0 0 -1 0 1 1 0 2 0 11/24 17:11 1:09 0:00
Trevor Zegras 0 0 0 -2 2 0 2 1 2 1 5/23 17:03 0:50 0:21
Players Stats for Chicago Black Hawks
Player Name G A P +/- PIM S H SB GA TA FO MP PP MP PK MP
------------------------------------------------------------------------------------
Alex DeBrincat 0 0 0 1 0 2 0 0 1 0 0/1 7:59 0:00 0:00
Bo Horvat 1 1 2 1 0 4 0 0 0 0 13/20 18:49 2:42 0:00
Brandon Hagel 0 2 2 1 0 0 1 2 0 0 0/0 19:09 2:08 0:55
Brayden Point 1 0 1 1 0 9 1 0 2 0 1/2 18:07 2:08 0:05
Caleb Jones 0 0 0 1 0 0 1 0 0 0 0/0 10:52 0:00 0:00
Chris Kreider 0 2 2 1 0 4 2 0 0 0 1/3 18:33 2:42 0:00
Devon Toews 0 0 0 0 0 1 0 2 0 2 0/0 26:44 2:11 0:37
Filip Forsberg 2 1 3 1 0 9 1 0 0 0 0/0 18:49 2:42 0:00
Filip Hronek 0 0 0 1 0 0 0 0 0 1 0/0 13:35 2:11 0:00
Jamie Benn 0 0 0 -1 0 1 3 1 0 1 6/13 14:10 0:00 0:59
Kevin Fiala 1 1 2 -1 2 3 0 0 1 0 0/1 13:14 0:00 0:00
Lucas Raymond 0 1 1 -1 0 0 2 0 0 1 0/0 13:20 0:00 0:05
Marcus Pettersson 0 0 0 1 0 0 1 0 0 2 0/0 19:45 0:00 1:22
Nicholas Paul 0 0 0 1 0 3 0 0 0 0 2/3 8:54 0:00 0:55
Ryan Hartman 0 0 0 1 0 0 0 0 0 2 0/1 8:58 0:00 0:59
Seth Jones 0 0 0 0 0 2 2 1 0 1 0/0 26:40 2:39 0:37
Sidney Crosby 1 1 2 1 0 3 0 0 0 1 18/24 17:58 2:08 0:00
Travis Sanheim 0 0 0 1 0 1 0 0 0 2 0/0 22:24 2:39 1:22
3 Stars
1 - Filip Forsberg (CHI)
2 - Sidney Crosby (CHI)
3 - Bo Horvat (CHI)
Power Play
Quebec Nordiques - 0 on 1 Attempt(s) - 0.00%
Chicago Black Hawks - 2 on 4 Attempt(s) - 50.00%
Penalty Kill
Quebec Nordiques - 2 on 4 Attempt(s) - 50.00%
- Score 0 goal in Penalty Kill
Chicago Black Hawks - 1 on 1 Attempt(s) - 100.00%
- Score 0 goal in Penalty Kill
Team Stat
Quebec Nordiques - Hits : 17 - Faceoff Wins : 27 - Blocked Shots : 9 - Penalty Minutes : 8
Chicago Black Hawks - Hits : 14 - Faceoff Wins : 41 - Blocked Shots : 6 - Penalty Minutes : 2
Official
Referees : Graham Skilliter and Carter Sandlak
Linesman : James Tobias and Steve Barton
Game Notes
No Game Note
Finance
Level 1 -- Attendance: 4603 (76.72%) -- Ticket Income $460,300
Level 2 -- Attendance: 3972 (79.44%) -- Ticket Income $238,320
Level 3 -- Attendance: 2392 (79.73%) -- Ticket Income $83,720
Level 4 -- Attendance: 3751 (75.02%) -- Ticket Income $93,775
Luxury Box -- Attendance: 840 (84.00%) -- Ticket Income $168,000
Game was played at the United Center.
Total Attendance: 15558 (77.79%)
Total Ticket Income: $1,044,115
Other Income: $365,440
Total Income: $1,409,555
Quebec Nordiques
5 vs 5 Forward
Center Left Wing Right Wing Time % Phy DF OF
1 Shane Pinto Evander Kane Anthony Duclair 30 1 2 2
2 Trevor Zegras Cole Perfetti Anthony Mantha 30 1 2 2
3 Marco Rossi Barrett Hayton Kirby Dach 25 1 2 2
4 Ryan Poehling Connor Brown Jordan Greenway 15 1 2 2
5 vs 5 Defense
Defense Defense Time % Phy DF OF
1 Brent Burns J.J. Moser 30 1 2 2
2 Michael Anderson Jonas Siegenthaler 30 1 2 2
3 Juuso Valimaki Justin Holl 25 1 2 2
4 Brent Burns J.J. Moser 15 1 2 2
PowerPlay Forward
Center Left Wing Right Wing Time % Phy DF OF
1 Shane Pinto Evander Kane Anthony Duclair 50 1 2 2
2 Marco Rossi Trevor Zegras Anthony Mantha 50 1 2 2
PowerPlay Defense
Defense Defense Time % Phy DF OF
1 Brent Burns J.J. Moser 50 1 2 2
2 Michael Anderson Jonas Siegenthaler 50 1 2 2
Penalty Kill 4 Players Forward
Center Wing Time % Phy DF OF
1 Ryan Poehling Jordan Greenway 50 1 2 2
2 Barrett Hayton Connor Brown 50 1 2 2
Penalty Kill 4 Players Defense
Defense Defense Time % Phy DF OF
1 Brent Burns J.J. Moser 50 1 2 2
2 Michael Anderson Jonas Siegenthaler 50 1 2 2
Penalty Kill - 3 Players Forward
Forward Time % Phy DF OF
1 Ryan Poehling 50 1 2 2
2 Barrett Hayton 50 1 2 2
Penalty Kill - 3 Players Defense
Defense Defense Time % Phy DF OF
1 Brent Burns J.J. Moser 50 1 2 2
2 Michael Anderson Jonas Siegenthaler 50 1 2 2
4 vs 4 Forward
Center Wing Time % Phy DF OF
1 Evander Kane Shane Pinto 50 1 2 2
2 Jordan Greenway Anthony Duclair 50 1 2 2
4 vs 4 Defense
Defense Defense Time % Phy DF OF
1 Brent Burns J.J. Moser 50 1 2 2
2 Michael Anderson Jonas Siegenthaler 50 1 2 2
Last Minutes Offensive
Center Left Wing Right Wing Defense Defense
Shane Pinto Evander Kane Jordan Greenway Brent Burns J.J. Moser
Last Minutes Defensive
Center Left Wing Right Wing Defense Defense
Shane Pinto Evander Kane Jordan Greenway Brent Burns J.J. Moser
Goaltenders
Starting : Lukas Dostal
Backup : John Gibson
Extra Forwards
Normal : Marco Rossi, Trevor Zegras, Barrett Hayton - PP : Marco Rossi, Trevor Zegras - PK : Barrett Hayton
Extra Defensemen
Normal : Juuso Valimaki, Justin Holl, Michael Anderson - PP : Juuso Valimaki - PK : Justin Holl, Michael Anderson
Penalty Shots
Evander Kane, Shane Pinto, Jordan Greenway, Anthony Duclair, Anthony Mantha
Scratches
Michael McCarron (Healthy), Alexander Alexeyev (Healthy)
Chicago Black Hawks
5 vs 5 Forward
Center Left Wing Right Wing Time % Phy DF OF
1 Sidney Crosby Chris Kreider Brayden Point 30 0 1 4
2 Bo Horvat Filip Forsberg Brandon Hagel 30 0 2 3
3 Jamie Benn Kevin Fiala Lucas Raymond 25 0 1 4
4 Nicholas Paul Alex DeBrincat Ryan Hartman 15 0 2 3
5 vs 5 Defense
Defense Defense Time % Phy DF OF
1 Devon Toews Seth Jones 36 0 3 2
2 Travis Sanheim Marcus Pettersson 34 0 3 2
3 Filip Hronek Caleb Jones 20 0 4 1
4 Seth Jones Devon Toews 10 0 4 1
PowerPlay Forward
Center Left Wing Right Wing Time % Phy DF OF
1 Sidney Crosby Brandon Hagel Brayden Point 50 0 0 5
2 Bo Horvat Filip Forsberg Chris Kreider 50 0 0 5
PowerPlay Defense
Defense Defense Time % Phy DF OF
1 Devon Toews Filip Hronek 50 0 1 4
2 Travis Sanheim Seth Jones 50 0 1 4
Penalty Kill 4 Players Forward
Center Wing Time % Phy DF OF
1 Jamie Benn Ryan Hartman 50 0 5 0
2 Nicholas Paul Brandon Hagel 50 0 5 0
Penalty Kill 4 Players Defense
Defense Defense Time % Phy DF OF
1 Marcus Pettersson Travis Sanheim 50 0 5 0
2 Devon Toews Seth Jones 50 0 5 0
Penalty Kill - 3 Players Forward
Forward Time % Phy DF OF
1 Ryan Hartman 50 0 5 0
2 Nicholas Paul 50 0 5 0
Penalty Kill - 3 Players Defense
Defense Defense Time % Phy DF OF
1 Travis Sanheim Devon Toews 50 0 5 0
2 Filip Hronek Marcus Pettersson 50 0 5 0
4 vs 4 Forward
Center Wing Time % Phy DF OF
1 Jamie Benn Kevin Fiala 50 0 2 3
2 Nicholas Paul Alex DeBrincat 50 1 1 3
4 vs 4 Defense
Defense Defense Time % Phy DF OF
1 Devon Toews Filip Hronek 50 0 3 2
2 Marcus Pettersson Seth Jones 50 0 3 2
Last Minutes Offensive
Center Left Wing Right Wing Defense Defense
Sidney Crosby Chris Kreider Brayden Point Devon Toews Filip Hronek
Last Minutes Defensive
Center Left Wing Right Wing Defense Defense
Nicholas Paul Brandon Hagel Ryan Hartman Devon Toews Travis Sanheim
Goaltenders
Starting : Thatcher Demko
Backup : Adin Hill
Extra Forwards
Normal : Alex DeBrincat, Lucas Raymond, Kevin Fiala - PP : Alex DeBrincat, Lucas Raymond - PK : Brandon Hagel
Extra Defensemen
Normal : Filip Hronek, Marcus Pettersson, Devon Toews - PP : Travis Sanheim - PK : Devon Toews, Filip Hronek
Penalty Shots
Lucas Raymond, Alex DeBrincat, Sidney Crosby, Brayden Point, Devon Toews
Scratches
Cale Makar (Healthy)
% Time on Ice - Quebec Nordiques
Lines # - Real PCT - Wanted PCT - Time Play
Normal Forward
1 - 30% - 30% - 16:11
2 - 30% - 30% - 15:44
3 - 25% - 25% - 13:18
4 - 15% - 15% - 7:58
Normal Defense
1 - 29% - 30% - 15:40
2 - 31% - 30% - 16:25
3 - 28% - 25% - 15:04
4 - 11% - 15% - 6:02
PP Forward
1 - 58% - 50% - 1:09
2 - 42% - 50% - 0:50
PP Defense
1 - 57% - 50% - 1:08
2 - 43% - 50% - 0:51
PK Forward
1 - 44% - 50% - 2:09
2 - 56% - 50% - 2:41
PK Defense
1 - 50% - 50% - 2:25
2 - 50% - 50% - 2:25
PK3 Forward
1 - 0% - 50%
2 - 0% - 50%
PK3 Defense
1 - 0% - 50%
2 - 0% - 50%
44 Forward
1 - 0% - 50%
2 - 0% - 50%
44 Defense
1 - 0% - 50%
2 - 0% - 50%
Last Minute Offensive - 0:00
Last Minute Defensive - 0:00
Total
Forward - 60:00
Defense - 60:00
|
% Time on Ice - Chicago Black Hawks
Lines # - Real PCT - Wanted PCT - Time Play
Normal Forward
1 - 30% - 30% - 15:54
2 - 30% - 30% - 16:07
3 - 25% - 25% - 13:11
4 - 15% - 15% - 7:59
Normal Defense
1 - 38% - 36% - 20:06
2 - 34% - 34% - 18:19
3 - 20% - 20% - 10:52
4 - 7% - 10% - 3:54
PP Forward
1 - 44% - 50% - 2:08
2 - 56% - 50% - 2:42
PP Defense
1 - 45% - 50% - 2:11
2 - 55% - 50% - 2:39
PK Forward
1 - 54% - 50% - 1:04
2 - 46% - 50% - 0:55
PK Defense
1 - 69% - 50% - 1:22
2 - 31% - 50% - 0:37
PK3 Forward
1 - 0% - 50%
2 - 0% - 50%
PK3 Defense
1 - 0% - 50%
2 - 0% - 50%
44 Forward
1 - 0% - 50%
2 - 0% - 50%
44 Defense
1 - 0% - 50%
2 - 0% - 50%
Last Minute Offensive - 0:00
Last Minute Defensive - 0:00
Total
Forward - 60:00
Defense - 60:00
|
Play-by-Play
1st period
0:01 of 1st period - Shane Pinto wins face-off versus Chris Kreider in neutral zone.
0:26 of 1st period - Brandon Hagel is hit by Trevor Zegras.
0:34 of 1st period - Backhand shot by Bo Horvat.
0:34 of 1st period - Shot Blocked by Brent Burns.
0:57 of 1st period - Wrist shot by Marco Rossi.
0:57 of 1st period - Shot Misses the Net.
1:17 of 1st period - Snap shot by Lucas Raymond.
1:17 of 1st period - Deflect By Jamie Benn.
1:17 of 1st period - Stopped by Lukas Dostal without a rebound.
1:18 of 1st period - Bo Horvat wins face-off versus Trevor Zegras in Quebec Nordiques zone.
1:25 of 1st period - Backhand shot by Brandon Hagel.
1:25 of 1st period - Shot Blocked by Juuso Valimaki.
2:38 of 1st period - Slapshot by Bo Horvat.
2:38 of 1st period - Stopped by Lukas Dostal without a rebound.
2:39 of 1st period - Sidney Crosby wins face-off versus Shane Pinto in Quebec Nordiques zone.
3:27 of 1st period - Slapshot by Jordan Greenway.
3:27 of 1st period - Deflect By Connor Brown.
3:27 of 1st period - Stopped by Thatcher Demko with a rebound.
3:29 of 1st period - Slapshot by Michael Anderson.
3:29 of 1st period - Stopped by Thatcher Demko without a rebound.
3:30 of 1st period - Ryan Poehling wins face-off versus Sidney Crosby in Chicago Black Hawks zone.
3:31 of 1st period - Wrist shot by Jordan Greenway.
3:31 of 1st period - Deflect By Travis Sanheim.
3:31 of 1st period - Shot Misses the Net.
3:31 of 1st period - Puck is out of play.
3:32 of 1st period - Ryan Poehling wins face-off versus Sidney Crosby in Chicago Black Hawks zone.
4:21 of 1st period - Slapshot by Bo Horvat.
4:21 of 1st period - Shot Misses the Net.
5:56 of 1st period - Wrist shot by Anthony Duclair.
5:56 of 1st period - Stopped by Thatcher Demko without a rebound.
5:57 of 1st period - Sidney Crosby wins face-off versus Shane Pinto in Chicago Black Hawks zone.
6:08 of 1st period - Slapshot by Brayden Point.
6:08 of 1st period - Stopped by Lukas Dostal without a rebound.
6:09 of 1st period - Sidney Crosby wins face-off versus Shane Pinto in Quebec Nordiques zone.
6:10 of 1st period - Wrist shot by Brayden Point.
6:10 of 1st period - Shot Misses the Net.
6:24 of 1st period - Snap shot by Anthony Duclair.
6:24 of 1st period - Stopped by Thatcher Demko with a rebound.
6:34 of 1st period - J.J. Moser is hit by Jamie Benn.
7:09 of 1st period - Wrist shot by Marco Rossi.
7:09 of 1st period - Stopped by Thatcher Demko with a rebound.
7:36 of 1st period - Icing by Devon Toews.
7:37 of 1st period - Bo Horvat wins face-off versus Shane Pinto in Chicago Black Hawks zone.
7:44 of 1st period - Anthony Duclair is hit by Brayden Point and loses puck.
8:03 of 1st period - Brent Burns is hit by Jamie Benn and loses puck.
8:18 of 1st period - Kevin Fiala is hit by Brent Burns and loses puck.
8:31 of 1st period - Wrist shot by Nicholas Paul.
8:31 of 1st period - Shot Misses the Net.
8:33 of 1st period - Slapshot by Filip Hronek.
8:33 of 1st period - Shot Misses the Net.
8:35 of 1st period - Slapshot by Filip Hronek.
8:35 of 1st period - Deflect By Alex DeBrincat.
8:35 of 1st period - Shot Blocked by Barrett Hayton.
8:35 of 1st period - Puck is out of play.
8:36 of 1st period - Shane Pinto wins face-off versus Sidney Crosby in Quebec Nordiques zone.
8:47 of 1st period - Wrist shot by Brayden Point.
8:47 of 1st period - Shot Misses the Net.
9:45 of 1st period - Icing by Juuso Valimaki.
9:46 of 1st period - Marco Rossi wins face-off versus Nicholas Paul in Quebec Nordiques zone.
10:12 of 1st period - Jordan Greenway is hit by Chris Kreider and loses puck.
10:35 of 1st period - Slapshot by Cole Perfetti.
10:35 of 1st period - Shot Misses the Net.
10:58 of 1st period - Snap shot by Bo Horvat.
10:58 of 1st period - Stopped by Lukas Dostal with a rebound.
12:11 of 1st period - Snap shot by Shane Pinto.
12:11 of 1st period - Shot Blocked by Brandon Hagel.
12:13 of 1st period - Slapshot by Brent Burns.
12:13 of 1st period - Shot Blocked by Brandon Hagel.
13:35 of 1st period - Backhand shot by Bo Horvat.
13:35 of 1st period - Shot Blocked by Juuso Valimaki.
14:13 of 1st period - Snap shot by Ryan Poehling.
14:13 of 1st period - Shot Misses the Net.
14:33 of 1st period - Justin Holl is hit by Chris Kreider and loses puck.
14:48 of 1st period - Wrist shot by Barrett Hayton.
14:48 of 1st period - Deflect By Marco Rossi.
14:48 of 1st period - Stopped by Thatcher Demko with a rebound.
14:50 of 1st period - Snap shot by Kirby Dach.
14:50 of 1st period - Goal by Kirby Dach - Quebec Nordiques : 1 - Chicago Black Hawks : 0.
14:51 of 1st period - Brayden Point wins face-off versus Shane Pinto in neutral zone.
14:53 of 1st period - Off-side.
14:54 of 1st period - Sidney Crosby wins face-off versus Shane Pinto in neutral zone.
14:59 of 1st period - Backhand shot by Chris Kreider.
14:59 of 1st period - Stopped by Lukas Dostal with a rebound.
15:07 of 1st period - Slapshot by Sidney Crosby.
15:07 of 1st period - Stopped by Lukas Dostal without a rebound.
15:08 of 1st period - Bo Horvat wins face-off versus Trevor Zegras in Quebec Nordiques zone.
16:00 of 1st period - Lucas Raymond is hit by Kirby Dach and loses puck.
16:05 of 1st period - Wrist shot by Marco Rossi.
16:05 of 1st period - Stopped by Thatcher Demko without a rebound.
16:06 of 1st period - Bo Horvat wins face-off versus Trevor Zegras in Chicago Black Hawks zone.
17:12 of 1st period - Slapshot by Anthony Duclair.
17:12 of 1st period - Stopped by Thatcher Demko without a rebound.
17:13 of 1st period - Ryan Poehling wins face-off versus Alex DeBrincat in Chicago Black Hawks zone.
17:18 of 1st period - Wrist shot by Ryan Poehling.
17:18 of 1st period - Stopped by Thatcher Demko with a rebound.
18:12 of 1st period - Snap shot by Nicholas Paul.
18:12 of 1st period - Shot Blocked by Michael Anderson.
19:03 of 1st period - Off-side.
19:04 of 1st period - Sidney Crosby wins face-off versus Shane Pinto in neutral zone.
19:07 of 1st period - Snap shot by Chris Kreider.
19:07 of 1st period - Stopped by Lukas Dostal without a rebound.
19:08 of 1st period - Sidney Crosby wins face-off versus Shane Pinto in Quebec Nordiques zone.
19:11 of 1st period - Slapshot by Chris Kreider.
19:11 of 1st period - Shot Misses the Net.
19:13 of 1st period - Snap shot by Sidney Crosby.
19:13 of 1st period - Goal by Sidney Crosby - Quebec Nordiques : 1 - Chicago Black Hawks : 1.
19:14 of 1st period - Jamie Benn wins face-off versus Trevor Zegras in neutral zone.
19:20 of 1st period - Minor Penalty to Brent Burns for Tripping.
19:21 of 1st period - Sidney Crosby wins face-off versus Ryan Poehling in Quebec Nordiques zone.
19:29 of 1st period - Slapshot by Brayden Point.
19:29 of 1st period - Goal by Brayden Point - Quebec Nordiques : 1 - Chicago Black Hawks : 2.
19:30 of 1st period - Jamie Benn wins face-off versus Trevor Zegras in neutral zone.
Goals for this period are 1 for Quebec Nordiques vs 2 for Chicago Black Hawks.
Shots for this period are 10 for Quebec Nordiques vs 9 for Chicago Black Hawks.
2nd period
0:01 of 2nd period - Sidney Crosby wins face-off versus Anthony Duclair in neutral zone.
0:26 of 2nd period - Michael Anderson is hit by Lucas Raymond and loses puck.
0:39 of 2nd period - Snap shot by Kevin Fiala.
0:39 of 2nd period - Stopped by Lukas Dostal with a rebound.
0:49 of 2nd period - Wrist shot by Cole Perfetti.
0:49 of 2nd period - Stopped by Thatcher Demko with a rebound.
0:59 of 2nd period - Travis Sanheim is hit by Trevor Zegras and loses puck.
1:20 of 2nd period - Wrist shot by Brayden Point.
1:20 of 2nd period - Stopped by Lukas Dostal without a rebound.
1:21 of 2nd period - Shane Pinto wins face-off versus Jamie Benn in Quebec Nordiques zone.
2:26 of 2nd period - Wrist shot by Nicholas Paul.
2:26 of 2nd period - Shot Blocked by Juuso Valimaki.
2:32 of 2nd period - Wrist shot by Ryan Hartman.
2:32 of 2nd period - Shot Misses the Net.
2:34 of 2nd period - Slapshot by Seth Jones.
2:34 of 2nd period - Deflect By Alex DeBrincat.
2:34 of 2nd period - Stopped by Lukas Dostal without a rebound.
2:35 of 2nd period - Jamie Benn wins face-off versus Shane Pinto in Quebec Nordiques zone.
3:00 of 2nd period - Icing by Sidney Crosby.
3:01 of 2nd period - Sidney Crosby wins face-off versus Trevor Zegras in Chicago Black Hawks zone.
3:32 of 2nd period - Slapshot by Filip Forsberg.
3:32 of 2nd period - Stopped by Lukas Dostal with a rebound.
4:01 of 2nd period - Wrist shot by Marco Rossi.
4:01 of 2nd period - Deflect By Kirby Dach.
4:01 of 2nd period - Shot Misses the Net.
4:01 of 2nd period - Puck is out of play.
4:02 of 2nd period - Nicholas Paul wins face-off versus Trevor Zegras in Chicago Black Hawks zone.
4:14 of 2nd period - Slapshot by Devon Toews.
4:14 of 2nd period - Stopped by Lukas Dostal without a rebound.
4:15 of 2nd period - Sidney Crosby wins face-off versus Marco Rossi in Quebec Nordiques zone.
4:16 of 2nd period - Slapshot by Brayden Point.
4:16 of 2nd period - Stopped by Lukas Dostal without a rebound.
4:17 of 2nd period - Marco Rossi wins face-off versus Chris Kreider in Quebec Nordiques zone.
4:26 of 2nd period - Wrist shot by Chris Kreider.
4:26 of 2nd period - Shot Misses the Net.
4:52 of 2nd period - Snap shot by Filip Forsberg.
4:52 of 2nd period - Stopped by Lukas Dostal without a rebound.
4:53 of 2nd period - Shane Pinto wins face-off versus Bo Horvat in Quebec Nordiques zone.
5:13 of 2nd period - Minor Penalty to Evander Kane for Holding.
5:14 of 2nd period - Bo Horvat wins face-off versus Barrett Hayton in Quebec Nordiques zone.
5:16 of 2nd period - Wrist shot by Filip Forsberg.
5:16 of 2nd period - Deflect By Chris Kreider.
5:16 of 2nd period - Stopped by Lukas Dostal with a rebound.
5:18 of 2nd period - Slapshot by Seth Jones.
5:18 of 2nd period - Stopped by Lukas Dostal with a rebound.
5:20 of 2nd period - Slapshot by Travis Sanheim.
5:20 of 2nd period - Deflect By Jonas Siegenthaler.
5:20 of 2nd period - Stopped by Lukas Dostal without a rebound.
5:21 of 2nd period - Barrett Hayton wins face-off versus Bo Horvat in Quebec Nordiques zone.
5:56 of 2nd period - Snap shot by Filip Forsberg.
5:56 of 2nd period - Goal by Filip Forsberg - Quebec Nordiques : 1 - Chicago Black Hawks : 3.
5:57 of 2nd period - Trevor Zegras wins face-off versus Jamie Benn in neutral zone.
6:08 of 2nd period - Snap shot by Trevor Zegras.
6:08 of 2nd period - Shot Blocked by Jamie Benn.
6:22 of 2nd period - Chris Kreider is hit by J.J. Moser and loses puck.
7:08 of 2nd period - Snap shot by Evander Kane.
7:08 of 2nd period - Shot Misses the Net.
7:10 of 2nd period - Slapshot by Michael Anderson.
7:10 of 2nd period - Stopped by Thatcher Demko with a rebound.
7:12 of 2nd period - Snap shot by Evander Kane.
7:12 of 2nd period - Goal by Evander Kane - Quebec Nordiques : 2 - Chicago Black Hawks : 3.
7:13 of 2nd period - Sidney Crosby wins face-off versus Trevor Zegras in neutral zone.
7:47 of 2nd period - Slapshot by Barrett Hayton.
7:47 of 2nd period - Stopped by Thatcher Demko with a rebound.
7:49 of 2nd period - Slapshot by Michael Anderson.
7:49 of 2nd period - Stopped by Thatcher Demko without a rebound.
7:50 of 2nd period - Ryan Poehling wins face-off versus Jamie Benn in Chicago Black Hawks zone.
10:02 of 2nd period - Filip Forsberg is hit by Barrett Hayton.
10:24 of 2nd period - Travis Sanheim is hit by Jordan Greenway and loses puck.
10:31 of 2nd period - Slapshot by Marcus Pettersson.
10:31 of 2nd period - Shot Misses the Net.
10:50 of 2nd period - Wrist shot by Bo Horvat.
10:50 of 2nd period - Shot Hit the Post.
11:32 of 2nd period - Wrist shot by Kirby Dach.
11:32 of 2nd period - Stopped by Thatcher Demko with a rebound.
11:34 of 2nd period - Wrist shot by Marco Rossi.
11:34 of 2nd period - Stopped by Thatcher Demko without a rebound.
11:35 of 2nd period - Shane Pinto wins face-off versus Sidney Crosby in Chicago Black Hawks zone.
11:42 of 2nd period - Wrist shot by Anthony Duclair.
11:42 of 2nd period - Stopped by Thatcher Demko without a rebound.
11:43 of 2nd period - Sidney Crosby wins face-off versus Shane Pinto in Chicago Black Hawks zone.
12:47 of 2nd period - Wrist shot by Shane Pinto.
12:47 of 2nd period - Stopped by Thatcher Demko without a rebound.
12:48 of 2nd period - Trevor Zegras wins face-off versus Jamie Benn in Chicago Black Hawks zone.
12:49 of 2nd period - Slapshot by Cole Perfetti.
12:49 of 2nd period - Shot Blocked by Devon Toews.
13:09 of 2nd period - Minor Penalty to Trevor Zegras for Tripping.
13:10 of 2nd period - Chris Kreider wins face-off versus Ryan Poehling in Quebec Nordiques zone.
13:31 of 2nd period - Slapshot by Brayden Point.
13:31 of 2nd period - Stopped by Lukas Dostal without a rebound.
13:32 of 2nd period - Ryan Poehling wins face-off versus Sidney Crosby in Quebec Nordiques zone.
15:09 of 2nd period - Penalty to Trevor Zegras is over, Trevor Zegras is back on ice.
15:37 of 2nd period - Off-side.
15:38 of 2nd period - Trevor Zegras wins face-off versus Ryan Hartman in neutral zone.
16:05 of 2nd period - Michael Anderson is hit by Lucas Raymond and loses puck.
16:14 of 2nd period - Wrist shot by Kevin Fiala.
16:14 of 2nd period - Stopped by Lukas Dostal with a rebound.
16:30 of 2nd period - Brent Burns is hit by Filip Forsberg and loses puck.
17:41 of 2nd period - Slapshot by Sidney Crosby.
17:41 of 2nd period - Shot Misses the Net.
17:43 of 2nd period - Slapshot by Filip Hronek.
17:43 of 2nd period - Deflect By Sidney Crosby.
17:43 of 2nd period - Shot Blocked by Barrett Hayton.
17:43 of 2nd period - Puck is out of play.
17:44 of 2nd period - Bo Horvat wins face-off versus Trevor Zegras in Quebec Nordiques zone.
17:45 of 2nd period - Wrist shot by Filip Forsberg.
17:45 of 2nd period - Stopped by Lukas Dostal with a rebound.
18:01 of 2nd period - Wrist shot by Bo Horvat.
18:01 of 2nd period - Shot Misses the Net.
18:15 of 2nd period - Slapshot by Nicholas Paul.
18:15 of 2nd period - Shot Misses the Net.
18:17 of 2nd period - Backhand shot by Nicholas Paul.
18:17 of 2nd period - Shot Misses the Net.
18:23 of 2nd period - Snap shot by Ryan Hartman.
18:23 of 2nd period - Shot Misses the Net.
18:25 of 2nd period - Slapshot by Nicholas Paul.
18:25 of 2nd period - Stopped by Lukas Dostal without a rebound.
18:26 of 2nd period - Marco Rossi wins face-off versus Bo Horvat in Quebec Nordiques zone.
18:26 of 2nd period - Marco Rossi is hit by Brandon Hagel.
18:34 of 2nd period - Devon Toews is hit by Barrett Hayton and loses puck.
18:51 of 2nd period - Brent Burns is hit by Jamie Benn and loses puck.
19:19 of 2nd period - Off-side.
19:20 of 2nd period - Bo Horvat wins face-off versus Marco Rossi in neutral zone.
19:27 of 2nd period - Snap shot by Filip Forsberg.
19:27 of 2nd period - Stopped by Lukas Dostal without a rebound.
19:28 of 2nd period - Bo Horvat wins face-off versus Trevor Zegras in Quebec Nordiques zone.
19:39 of 2nd period - Wrist shot by Bo Horvat.
19:39 of 2nd period - Stopped by Lukas Dostal without a rebound.
19:40 of 2nd period - Bo Horvat wins face-off versus Trevor Zegras in Quebec Nordiques zone.
19:43 of 2nd period - Slapshot by Filip Forsberg.
19:43 of 2nd period - Shot Misses the Net.
19:54 of 2nd period - Icing by Devon Toews.
19:55 of 2nd period - Bo Horvat wins face-off versus Marco Rossi in Chicago Black Hawks zone.
Goals for this period are 1 for Quebec Nordiques vs 1 for Chicago Black Hawks.
Shots for this period are 9 for Quebec Nordiques vs 17 for Chicago Black Hawks.
3rd period
0:01 of 3rd period - Trevor Zegras wins face-off versus Jamie Benn in neutral zone.
0:14 of 3rd period - Slapshot by Anthony Mantha.
0:14 of 3rd period - Stopped by Thatcher Demko with a rebound.
0:16 of 3rd period - Wrist shot by Cole Perfetti.
0:16 of 3rd period - Stopped by Thatcher Demko without a rebound.
0:17 of 3rd period - Bo Horvat wins face-off versus Shane Pinto in Chicago Black Hawks zone.
0:24 of 3rd period - Slapshot by Seth Jones.
0:24 of 3rd period - Deflect By Brent Burns.
0:24 of 3rd period - Stopped by Lukas Dostal with a rebound.
0:44 of 3rd period - Marco Rossi is hit by Seth Jones and loses puck.
0:53 of 3rd period - Wrist shot by Sidney Crosby.
0:53 of 3rd period - Stopped by Lukas Dostal with a rebound.
0:55 of 3rd period - Snap shot by Chris Kreider.
0:55 of 3rd period - Deflect By Brayden Point.
0:55 of 3rd period - Deflect By Barrett Hayton.
0:55 of 3rd period - Stopped by Lukas Dostal with a rebound.
1:17 of 3rd period - Wrist shot by Nicholas Paul.
1:17 of 3rd period - Shot Blocked by Anthony Mantha.
2:07 of 3rd period - Snap shot by Filip Forsberg.
2:07 of 3rd period - Goal by Filip Forsberg - Quebec Nordiques : 2 - Chicago Black Hawks : 4.
2:08 of 3rd period - Sidney Crosby wins face-off versus Marco Rossi in neutral zone.
2:41 of 3rd period - Snap shot by Bo Horvat.
2:41 of 3rd period - Deflect By Filip Forsberg.
2:41 of 3rd period - Stopped by Lukas Dostal without a rebound.
2:42 of 3rd period - Shane Pinto wins face-off versus Kevin Fiala in Quebec Nordiques zone.
3:30 of 3rd period - Backhand shot by Nicholas Paul.
3:30 of 3rd period - Stopped by Lukas Dostal with a rebound.
3:40 of 3rd period - Wrist shot by Cole Perfetti.
3:40 of 3rd period - Stopped by Thatcher Demko with a rebound.
3:42 of 3rd period - Snap shot by Anthony Mantha.
3:42 of 3rd period - Deflect By Nicholas Paul.
3:42 of 3rd period - Stopped by Thatcher Demko with a rebound.
3:44 of 3rd period - Wrist shot by Cole Perfetti.
3:44 of 3rd period - Stopped by Thatcher Demko without a rebound.
3:45 of 3rd period - Sidney Crosby wins face-off versus Marco Rossi in Chicago Black Hawks zone.
3:58 of 3rd period - Slapshot by Barrett Hayton.
3:58 of 3rd period - Stopped by Thatcher Demko without a rebound.
3:59 of 3rd period - Jamie Benn wins face-off versus Shane Pinto in Chicago Black Hawks zone.
3:59 of 3rd period - Jamie Benn is hit by Anthony Duclair.
4:25 of 3rd period - Chris Kreider is hit by Jordan Greenway and loses puck.
4:32 of 3rd period - Wrist shot by Connor Brown.
4:32 of 3rd period - Shot Misses the Net.
4:34 of 3rd period - Snap shot by Jordan Greenway.
4:34 of 3rd period - Stopped by Thatcher Demko without a rebound.
4:35 of 3rd period - Marco Rossi wins face-off versus Bo Horvat in Chicago Black Hawks zone.
4:48 of 3rd period - Snap shot by Marco Rossi.
4:48 of 3rd period - Stopped by Thatcher Demko with a rebound.
4:50 of 3rd period - Snap shot by Kirby Dach.
4:50 of 3rd period - Stopped by Thatcher Demko without a rebound.
4:51 of 3rd period - Shane Pinto wins face-off versus Sidney Crosby in Chicago Black Hawks zone.
5:43 of 3rd period - Filip Forsberg is hit by Jordan Greenway and loses puck.
6:04 of 3rd period - Slapshot by Barrett Hayton.
6:04 of 3rd period - Shot Blocked by Seth Jones.
6:06 of 3rd period - Slapshot by Justin Holl.
6:06 of 3rd period - Shot Misses the Net.
6:08 of 3rd period - Snap shot by Kirby Dach.
6:08 of 3rd period - Shot Misses the Net.
6:10 of 3rd period - Snap shot by Barrett Hayton.
6:10 of 3rd period - Stopped by Thatcher Demko without a rebound.
6:11 of 3rd period - Shane Pinto wins face-off versus Brayden Point in Chicago Black Hawks zone.
6:14 of 3rd period - Wrist shot by Shane Pinto.
6:14 of 3rd period - Shot Misses the Net.
6:16 of 3rd period - Slapshot by Brent Burns.
6:16 of 3rd period - Stopped by Thatcher Demko without a rebound.
6:17 of 3rd period - Sidney Crosby wins face-off versus Shane Pinto in Chicago Black Hawks zone.
6:17 of 3rd period - Sidney Crosby is hit by Anthony Duclair.
6:25 of 3rd period - Slapshot by Anthony Duclair.
6:25 of 3rd period - Stopped by Thatcher Demko with a rebound.
6:27 of 3rd period - Snap shot by Shane Pinto.
6:27 of 3rd period - Shot Misses the Net.
6:29 of 3rd period - Snap shot by Anthony Duclair.
6:29 of 3rd period - Shot Misses the Net.
6:31 of 3rd period - Slapshot by J.J. Moser.
6:31 of 3rd period - Shot Misses the Net.
6:33 of 3rd period - Snap shot by Evander Kane.
6:33 of 3rd period - Stopped by Thatcher Demko without a rebound.
6:34 of 3rd period - Jamie Benn wins face-off versus Trevor Zegras in Chicago Black Hawks zone.
6:36 of 3rd period - Minor Penalty to Kevin Fiala for Hooking.
6:37 of 3rd period - Shane Pinto wins face-off versus Jamie Benn in Chicago Black Hawks zone.
6:45 of 3rd period - Snap shot by Anthony Duclair.
6:45 of 3rd period - Deflect By Evander Kane.
6:45 of 3rd period - Stopped by Thatcher Demko with a rebound.
8:36 of 3rd period - Penalty to Kevin Fiala is over, Kevin Fiala is back on ice.
8:43 of 3rd period - Connor Brown is hit by Caleb Jones.
9:31 of 3rd period - Minor Penalty to Justin Holl for Roughing.
9:32 of 3rd period - Ryan Poehling wins face-off versus Bo Horvat in Quebec Nordiques zone.
10:26 of 3rd period - Devon Toews is hit by Michael Anderson and loses puck.
11:31 of 3rd period - Penalty to Justin Holl is over, Justin Holl is back on ice.
11:39 of 3rd period - Snap shot by Alex DeBrincat.
11:39 of 3rd period - Stopped by Lukas Dostal without a rebound.
11:40 of 3rd period - Nicholas Paul wins face-off versus Anthony Duclair in Quebec Nordiques zone.
11:46 of 3rd period - Off-side.
11:47 of 3rd period - Shane Pinto wins face-off versus Jamie Benn in neutral zone.
12:01 of 3rd period - Off-side.
12:02 of 3rd period - Bo Horvat wins face-off versus Trevor Zegras in neutral zone.
12:29 of 3rd period - Travis Sanheim is hit by Shane Pinto and loses puck.
13:10 of 3rd period - Snap shot by Kevin Fiala.
13:10 of 3rd period - Goal by Kevin Fiala - Quebec Nordiques : 2 - Chicago Black Hawks : 5.
13:11 of 3rd period - Trevor Zegras wins face-off versus Bo Horvat in neutral zone.
14:07 of 3rd period - Wrist shot by Nicholas Paul.
14:07 of 3rd period - Stopped by Lukas Dostal without a rebound.
14:08 of 3rd period - Bo Horvat wins face-off versus Trevor Zegras in Quebec Nordiques zone.
14:17 of 3rd period - Slapshot by Filip Forsberg.
14:17 of 3rd period - Stopped by Lukas Dostal with a rebound.
14:19 of 3rd period - Wrist shot by Brandon Hagel.
14:19 of 3rd period - Shot Hit the Post.
14:21 of 3rd period - Wrist shot by Bo Horvat.
14:21 of 3rd period - Goal by Bo Horvat - Quebec Nordiques : 2 - Chicago Black Hawks : 6.
14:22 of 3rd period - Jamie Benn wins face-off versus Trevor Zegras in neutral zone.
14:37 of 3rd period - Slapshot by J.J. Moser.
14:37 of 3rd period - Shot Blocked by Devon Toews.
15:59 of 3rd period - Wrist shot by Justin Holl.
15:59 of 3rd period - Stopped by Thatcher Demko with a rebound.
16:32 of 3rd period - Juuso Valimaki is hit by Marcus Pettersson and loses puck.
17:00 of 3rd period - Off-side.
17:01 of 3rd period - Shane Pinto wins face-off versus Bo Horvat in neutral zone.
17:18 of 3rd period - Snap shot by Filip Forsberg.
17:18 of 3rd period - Stopped by Lukas Dostal without a rebound.
17:19 of 3rd period - Sidney Crosby wins face-off versus Trevor Zegras in Quebec Nordiques zone.
17:22 of 3rd period - Backhand shot by Brayden Point.
17:22 of 3rd period - Stopped by Lukas Dostal with a rebound.
17:32 of 3rd period - Chris Kreider is hit by Cole Perfetti and loses puck.
17:45 of 3rd period - Anthony Duclair is hit by Seth Jones and loses puck.
18:12 of 3rd period - Snap shot by Barrett Hayton.
18:12 of 3rd period - Deflect By Marco Rossi.
18:12 of 3rd period - Stopped by Thatcher Demko with a rebound.
18:29 of 3rd period - Nicholas Paul is hit by Jordan Greenway and loses puck.
18:38 of 3rd period - Snap shot by Jordan Greenway.
18:38 of 3rd period - Stopped by Thatcher Demko without a rebound.
18:39 of 3rd period - Sidney Crosby wins face-off versus Trevor Zegras in Chicago Black Hawks zone.
18:39 of 3rd period - Sidney Crosby is hit by Michael Anderson.
18:45 of 3rd period - Snap shot by Chris Kreider.
18:45 of 3rd period - Shot Misses the Net.
18:47 of 3rd period - Slapshot by Seth Jones.
18:47 of 3rd period - Shot Blocked by Trevor Zegras.
18:49 of 3rd period - Snap shot by Brayden Point.
18:49 of 3rd period - Stopped by Lukas Dostal without a rebound.
18:50 of 3rd period - Sidney Crosby wins face-off versus Trevor Zegras in Quebec Nordiques zone.
18:53 of 3rd period - Wrist shot by Chris Kreider.
18:53 of 3rd period - Stopped by Lukas Dostal with a rebound.
18:55 of 3rd period - Slapshot by Brayden Point.
18:55 of 3rd period - Stopped by Lukas Dostal with a rebound.
Goals for this period are 0 for Quebec Nordiques vs 3 for Chicago Black Hawks.
Shots for this period are 17 for Quebec Nordiques vs 16 for Chicago Black Hawks.
Back to the Top